 Dungeon Crawl Stone Soup version 0.18.1-50-g88ac8fd (webtiles) character file.

91 ChillySpace the Cudgeler (level 4, -6/33 HPs)
             Began as a Demonspawn Gladiator on Oct 24, 2016.
             Was an Initiate of Qazlal.
             Mangled by a gnoll
             ... wielding a +0 flail
              (10 damage)
             ... on level 2 of the Dungeon on Oct 25, 2016.
             The game lasted 00:07:14 (1485 turns).

ChillySpace the Cudgeler (Demonspawn Gladiator)     Turns: 1485, Time: 00:07:14

Health: -6/33      AC:  5    Str: 17    XL:     4   Next: 34%
Magic:  4/4        EV: 12    Int:  9    God:    Qazlal [......]
Gold:   97         SH:  0    Dex: 13    Spells: 0 memorised, 3 levels left

rFire  . . .     SeeInvis .     a - +1 flail
rCold  . . .     Gourm    .     b - +0 leather armour
rNeg   . . .     Faith    .     (no shield)
rPois  .         Spirit   .     c - +0 helmet
rElec  .         Dismiss  .     (no cloak)
rCorr  .         Reflect  .     e - +0 pair of gloves
SustAt .         Harm     .     (no boots)
MR     .....                    (no amulet)
Stlth  +.........               (no ring)
                                (no ring)

@: not resistant to hostile enchantments, very unstealthy
A: spiny 1
a: Renounce Religion


You were on level 2 of the Dungeon.
You worshipped Qazlal.
Qazlal was noncommittal.
You were near starving.

You visited 1 branch of the dungeon, and saw 2 of its levels.

You collected 97 gold pieces.

Inventory:

Hand Weapons
 a - a +1 flail (weapon)
Missiles
 d - 3 throwing nets (quivered)
Armour
 b - a +0 leather armour (worn)
 c - a +0 helmet (worn)
 e - a +0 pair of gloves (worn)
Scrolls
 n - a scroll of identify
Potions
 j - a potion of brilliance
Comestibles
 f - a bread ration
 g - a beef jerky
 k - 2 meat rations


   Skills:
 - Level 2.2 Fighting
 * Level 4.0 Maces & Flails
 - Level 1.7 Throwing
 * Level 1.7 Armour
 - Level 2.8 Dodging


You had 3 spell levels left.
You didn't know any spells.

Dungeon Overview and Level Annotations

Branches:
Dungeon (2/15)

Altars:
Ashenzari
Dithmenos
Elyvilon
Qazlal
Vehumet
Xom
Zin

Annotations:
D:2 Sigmund


Innate Abilities, Weirdness & Mutations

You are partially covered in sharp spines.


Message History

You are too injured to fight recklessly!
You are too injured to fight recklessly!
You are too injured to fight recklessly!
You are too injured to fight recklessly!
You are too injured to fight recklessly!
You are too injured to fight recklessly!
You are too injured to fight recklessly!
You are too injured to fight recklessly!
You are too injured to fight recklessly!
You are too injured to fight recklessly!
You are too injured to fight recklessly!
You are too injured to fight recklessly!
You are too injured to fight recklessly!
You are too injured to fight recklessly!
You are too injured to fight recklessly!
Unknown command.
Drink which item? (? for menu, Esc to quit)
Okay, then.
The gnoll hits you with a flail!
You die...

♣♣ #...# . #..# ....#
♣♣ #..##### #...## .♣
#..........##.... .. #
.♣ #..........+
...###.# .#
#..........###))....#
###
.###................#
....#
.#.#.###...#...##g####
.....
.#.....#...+....@....#
###.#
.###.#.#...#...##.####
#.# .#
#.#....).....#.# #..
.###.#..#.#.#.#.#.#
##########..
...#.#..>.........#
...........#
.#.#.#....#.#.#.#.#
#....)..[
.#.#.#....#.#.#.###
#....####
.....#....#.#.#.#
#....# #
..........#.#.#.#
###....####


You could see a gnoll.

Vanquished Creatures
  2 gnolls (D:2)
  2 adders (D:2)
  2 dart slugs (D:2)
  3 giant geckos (D:1)
  4 bats
  8 hobgoblins
  4 jackals (D:1)
  A quokka (D:2)
  5 giant newts
  4 goblins
  9 kobolds
  A rat (D:1)
45 creatures vanquished.

Notes
Turn   | Place    | Note
--------------------------------------------------------------
     0 | D:1      | ChillySpace the Demonspawn Gladiator began the quest for the Orb.
     0 | D:1      | Reached XP level 1. HP: 16/16 MP: 1/1
   129 | D:1      | Reached skill level 3 in Maces & Flails
   340 | D:1      | Gained mutation: You are partially covered in sharp spines. [demonic ancestry]
   340 | D:1      | Reached XP level 2. HP: 21/22 MP: 2/2
   539 | D:1      | Reached XP level 3. HP: 27/27 MP: 3/3
   811 | D:2      | Reached skill level 1 in Armour
   866 | D:2      | Noticed Sigmund
  1286 | D:2      | Reached XP level 4. HP: 33/33 MP: 4/4
  1407 | D:2      | Found a shadowy altar of Dithmenos.
  1409 | D:2      | Found a radiant altar of Vehumet.
  1417 | D:2      | Found a shimmering altar of Xom.
  1418 | D:2      | Found a white marble altar of Elyvilon.
  1419 | D:2      | Found a stormy altar of Qazlal.
  1420 | D:2      | Found a shattered altar of Ashenzari.
  1421 | D:2      | Found a glowing silver altar of Zin.
  1425 | D:2      | Became a worshipper of Qazlal Stormbringer
  1478 | D:2      | Reached skill level 4 in Maces & Flails
  1485 | D:2      | Mangled by a gnoll

Skill      XL: |  1  2  3  4 |
---------------+-------------+-----
Maces & Flails | 3 4 |  4.0
Armour         | 1 |  1.7
Fighting       | |  2.2
Throwing       | |  1.7
Dodging        | |  2.8

Action                   |  1- 3 |  4- 6 || total
-------------------------+-------+-------++-------
Melee: Flail             |    77 |    10 ||    87
  Use: Scroll            |     5 |       ||     5
       Potion            |     6 |       ||     6
Armor: Leather armour    |    17 |     4 ||    21
Dodge: Dodged            |    58 |    13 ||    71
